 Dungeon Crawl Stone Soup version 0.29.0-4-gdea44cf6ec (webtiles) character file.

Game seed: 8614864827537473420

35 night the Magician (level 3, 0/27 HPs)
             Began as a Djinni Fire Elementalist on Aug 27, 2022.
             Slain by a worm (9 damage)
             ... on level 2 of the Dungeon.
             The game lasted 00:02:20 (1222 turns).

night the Magician (Djinni Fire Elementalist)       Turns: 1222, Time: 00:02:21

Health: 0/27       AC:  2    Str:  7    XL:     3   Next: 52%
Gold:   26         EV: 12    Int: 18    God:
                   SH:  0    Dex: 13

rFire   + + .      SeeInvis .   b - +0 quarterstaff
rCold   x . .      Faith    .   (shield currently unavailable)
rNeg    . . .      Spirit   .   a - +0 robe
rPois   ∞          Reflect  .   (no helmet)
rElec   .          Harm     .   (no cloak)
rCorr   .          Rampage  .   (no gloves)
Will    .....                   (boots unavailable)
Stlth   ++........              (no amulet)
HPRegen 0.09/turn               (no ring)
MPRegen 0.00/turn               (no ring)

@: flying, very slightly contaminated
A: sickness immunity, fire resistance 2, cold vulnerability 1, float, innate
caster, HP casting, extra vitality 1
a: no special abilities


You were on level 2 of the Dungeon.
You visited 1 branch of the dungeon, and saw 2 of its levels.

You collected 26 gold pieces.

Inventory:

Hand Weapons
 b - a +0 quarterstaff (weapon)
Missiles
 c - 6 javelins
 e - 8 stones
Armour
 a - a +0 robe (worn)
Jewellery
 f - a ring of ice
Scrolls
 d - a scroll of teleportation {unknown}
 g - a scroll of magic mapping {unknown}


   Skills:
 + Level 1.2 Fighting
 + Level 2.7 Dodging
 - Level 1.5 Stealth
 * Level 2.9 Spellcasting


You couldn't memorise any spells.
You knew the following spells:

 Your Spells              Type           Power      Damage    Failure   Level
a - Foxfire               Conj/Fire      52%        2x1d6     4%          1
b - Scorch                Fire           26%        2d6       8%          2
c - Conjure Flame         Conj/Fire      13%        6-21      14%         3
d - Inner Flame           Hex/Fire       13%        N/A       14%         3
e - Flame Wave            Conj/Fire      13%        2d6       43%         4
f - Necrotise             Necr           52%        1d6       4%          1
Your spell library was empty.

Dungeon Overview and Level Annotations

Branches:
Dungeon (2/15)

Altars:


Innate Abilities, Weirdness & Mutations

You are immune to sickness and miasma.
You are immune to poison.
Your flesh is very heat resistant. (rF++)
You are vulnerable to cold. (rC-)
You float through the air rather than walking.
You learn spells naturally, not from books.
Your magical power is your life essence.
You have superior vitality. (+4 MHP)


Message History

Unknown command.
Casting: Foxfire (safe; 4% risk of failure)
Confirm with . or Enter, or press ? or * to list all spells.
You conjure some foxfire!
The foxfire hits the worm.
The worm is heavily wounded.
The foxfire hits the kobold.
The kobold is moderately wounded.
A giant cockroach comes into view.
The kobold hits you but does no damage.
The kobold throws a stone.
The stone barely misses you.
A hobgoblin comes into view.
Unknown command.
Casting: Foxfire (safe; 4% risk of failure)
Confirm with . or Enter, or press ? or * to list all spells.
You miscast Foxfire.
You are very lightly contaminated with residual magic.
Nothing appears to happen.
The foxfire hits the kobold.
You kill the kobold!
The foxfire hits the worm.
The worm is severely wounded.
The worm bites you but does no damage.
Casting: Foxfire (safe; 4% risk of failure)
Confirm with . or Enter, or press ? or * to list all spells.
You conjure some foxfire!
The foxfire hits the adder.
The adder is moderately wounded.
The giant cockroach waves its antennae.
The worm bites you!
Unknown command.
Casting: Foxfire (safe; 4% risk of failure)
Confirm with . or Enter, or press ? or * to list all spells.
You conjure some foxfire!
The foxfire hits the adder.
The adder is heavily wounded.
The adder bites you. The kobold hits you with a +0 dagger.
Unknown command.
The foxfire hits the adder.
The adder is severely wounded.
The foxfire hits the worm.
The worm is almost dead.
The worm bites you!
You die...

### #.. #.#####
#.#<..#
+####+##.....#
......K.#######
......)S@.)...#
.....B.)w####.#
.........#
.....>...g
.##........
#.........
#..........
#...........


You could see a worm, an adder, a giant cockroach, a hobgoblin and a kobold.

Vanquished Creatures
  5 ball pythons (D:1)
  A bat (D:1)
  2 endoplasms (D:1)
  4 giant cockroaches (D:1)
  3 goblins
  5 hobgoblins (D:1)
  2 jackals (D:1)
  2 kobolds
  A quokka (D:1)
  A frilled lizard (D:1)
  2 rats (D:1)
28 creatures vanquished.

Vanquished Creatures (others)
  81 foxfires
81 creatures vanquished.

Grand Total: 109 creatures vanquished

Notes
Turn   | Place    | Note
-------+----------+-------------------------------------------
     0 | D:1      | night the Djinni Fire Elementalist began the quest for the
                  | Orb.
     0 | D:1      | night set off with the following spells memorised: Foxfire,
                  | Scorch, Conjure Flame, Inner Flame, Flame Wave.
     0 | D:1      | Reached XP level 1. HP: 15/15 MP: 0/0
   125 | D:1      | Reached XP level 2. HP: 10/22 MP: 0/0
   721 | D:1      | Reached skill level 1 in Fighting
   735 | D:1      | Reached XP level 3. HP: 23/27 MP: 0/0
   735 | D:1      | Learned a level 1 spell: Necrotise
  1222 | D:2      | Slain by a worm

Illustrated notes

Levels and vault maps discovered:
D:1:      minmay_arrival_doors, layout_rooms, nrook_uturn,
          hangedman_abyss_or_decor_lesser_grid
D:2:      layout_basic, ebering_ecumenical_altar_box, basic_altar, serial_shops,
          nicolae_shop_waterfront, shop, shop_statue, shop, minmay_statues_item

Skill      XL: |  1  2 |
---------------+-------+-----
Fighting       | 1 |  1.2
Dodging        | |  2.7
Stealth        | |  1.5
Spellcasting   | |  2.9

Action                   || total
-------------------------++-------
Melee: Quarterstaff      ||     1
 Cast: Foxfire           ||    50
Armor: Robe              ||    10
Dodge: Dodged            ||    20
